 Dungeon Crawl Stone Soup version 0.31-a0-219-g8d62b2e7bb (webtiles) character file.

Game seed: 11672611032319924861

369 AltDragon the Insei (level 6, -15/41 HPs)
             Began as an Octopode Transmuter on July 3, 2023.
             Demolished by an ogre
             ... wielding a +0 giant club
              (19 damage)
             ... on level 4 of the Dungeon.
             The game lasted 00:11:28 (3567 turns).

AltDragon the Insei (Octopode Transmuter)           Turns: 3567, Time: 00:11:29

Health: -15/41     AC:  3    Str: 10    XL:     6   Next: 70%
Magic:  10/10      EV: 14    Int: 15    God:
Gold:   140        SH:  0    Dex: 14    Spells: 7/10 levels left

rFire   . .          .
                       - Unarmed
rCold   . . .        (no shield)
rNeg    . . .        d - +2 hat
rPois   .            j - amulet of the acrobat
rElec   .            h - +4 ring of slaying
rCorr   .            (no ring)
SInv    .            (no ring)
Will    .....        (no ring)
Stlth   +++          (no ring)
HPRegen 0.26/turn    (no ring)
MPRegen 0.12/turn    (no ring)
                     (no ring)

%: acrobat
@: about to teleport
A: almost no armour, amphibious, 8 rings, camouflage 1, gelatinous body 1,
(nimble swimmer 1), tentacles
a: no special abilities


You were on level 4 of the Dungeon.
You visited 1 branch of the dungeon, and saw 4 of its levels.

You collected 140 gold pieces.

Inventory:

Hand Weapons
 k - a +2 flail of holy wrath
Armour
 d - a +2 hat (worn)
Jewellery
 h - a +4 ring of slaying (left tentacle)
 j - an amulet of the acrobat (around mantle)
Potions
 a - 2 potions of lignification
 b - a potion of berserk rage
 c - a potion of resistance {unknown}
 e - a potion of mutation {unknown}
 g - 3 potions of heal wounds {unknown}
 i - a potion of brilliance {unknown}


   Skills:
 + Level 2.5 Fighting
 + Level 3.3 Dodging
 + Level 3.3 Stealth
 * Level 4.5 Unarmed Combat
 + Level 2.9 Spellcasting
 + Level 3.0 Transmutations


You had 7 spell levels left.
You knew the following spells:

 Your Spells              Type           Power      Damage    Failure   Level
a - Beastly Appendage     Tmut           22%        N/A       6%          1
b - Wereblood             Tmut           11%        N/A       9%          2

Your spell library contained the following spells:

 Spells                   Type           Power      Damage    Failure   Level
 Lesser Beckoning         Tloc           4%         N/A       30%         2
 Poisonous Vapours        Pois/Air       4%         N/A       30%         2
 Static Discharge         Conj/Air       4%         2-3/arc   30%         2
 Sublimation of Blood     Necr           2%         N/A       30%         2
 Spider Form              Tmut/Pois      6%         N/A       32%         3
 Ignite Poison            Fire/Tmut/Pois 5%         N/A       38%         3
 Gell's Gravitas          Tloc           2%         N/A       52%         3
 Teleport Other           Tloc           2%         N/A       52%         3
 Vhi's Electric Charge    Tloc/Air       4%         N/A       52%         3
 Ice Form                 Ice/Tmut       6%         N/A       71%         4
 Petrify                  Tmut/Erth      6%         N/A       71%         4
 Irradiate                Conj/Tmut      3%         3d12      96%         5


Dungeon Overview and Level Annotations

Branches:
Dungeon (4/15)
 Temple: D:4-7

Altars:
The Shining One

Annotations:
D:2 1 runed translucent door, Crazy Yiuf


Innate Abilities, Weirdness & Mutations

You cannot wear most types of armour.
You are amphibious.
You can wear up to eight rings at the same time.
Your skin changes colour to match your surroundings (Stealth+).
Your rubbery body absorbs attacks. (AC +1, EV +1)
((You are camouflaged when in or above water. (Stealth+)))
You have tentacles for arms and can constrict up to eight enemies at once.


Message History

Magic restored.
Your transformation is almost over.
Your tentacle spike disappears.
Your +2 hat unmelds from your body.
An adder comes into view.
Found 9 stones.
The adder hisses angrily.
An adder is nearby!
An adder is nearby!
An ogre comes into view. It is wielding a +0 giant club.
Found a large rock, 18 gold pieces and a whip.
You see here 6 stones.
Found 9 stones.
You see here 6 stones.
There is an open door, spattered with blood here.
The ogre attacks as you move away! The ogre completely misses you.
The ogre attacks as you move away! The ogre misses you.
You open the door. The adder misses you.
There is an open door here.
The adder attacks as you move away! The adder misses you. The adder bites you.
You tentacle-slap the adder. Your grab misses the adder.
Your tentacle-slap misses the adder.
Your squeeze misses the adder.
The adder is lightly wounded.
The adder bites you.
You tentacle-slap the adder. Your grab misses the adder.
The adder is heavily wounded.
The adder bites you.
You bludgeon the adder!
You kill the adder!
The ogre hits you with a +0 giant club!!
Ouch! That really hurt!
* * * LOW HITPOINT WARNING * * *
As you read the scroll of teleportation, it crumbles to dust.
You feel strangely unstable. The ogre completely misses you.
You open the door.
The ogre hits you with a +0 giant club!!
You die...

# #.#####....# #....#..+...
###.##.#.....# ..##....'..#...
..#....#.....# ..##>..##..#...
..#....#.....# ..#######..#
..#..†.#.....## ..##.......#
.###...#.......###..##.......#
.###...#.......#.....#.......#
..#...†'.......'.....#.......#
..'....#.......#@....#.......#
####...#.......#O.####.####..#...
.###...#.......#..####.####..#...
..#....#.......#...#.........#...
..'....#.......#...#.........#$..
###....#.......#...'.........#...
.##....#.......+...#.........#...
.......'.......##+#########'##...
.#######<....... .......S.#...


You could see an ogre.

Vanquished Creatures
  An ogre (D:4)
  A hound (D:4)
  An iguana (D:4)
  Jessica (D:2)
  An orc wizard (D:4)
  Natasha (twice) (D:2)
  2 adders
  An ufetubus (D:4)
  3 worms
  5 dart slugs
  5 orcs
  5 ball pythons
  7 bats
  9 endoplasms
  3 giant cockroaches
  3 goblins
  9 hobgoblins
  7 kobolds
  3 quokkas
  6 frilled lizards
  11 rats
86 creatures vanquished.

Notes
Turn   | Place    | Note
-------+----------+-------------------------------------------
     0 | D:1      | AltDragon the Octopode Transmuter began the quest for the
                  | Orb.
     0 | D:1      | Reached XP level 1. HP: 13/13 MP: 3/3
    96 | D:1      | Reached XP level 2. HP: 8/18 MP: 5/5
   220 | D:1      | Reached skill level 1 in Stealth
   348 | D:1      | Reached XP level 3. HP: 12/23 MP: 6/6
   615 | D:1      | Learned a level 2 spell: Wereblood
   726 | D:2      | Noticed Jessica
   735 | D:2      | Killed Jessica
   736 | D:2      | Reached XP level 4. HP: 21/28 MP: 7/7
  1310 | D:2      | Found a runed translucent door.
  1311 | D:2      | Noticed Crazy Yiuf
  1361 | D:2      | Noticed Natasha
  1372 | D:2      | Killed Natasha
  1377 | D:2      | Found a faded altar of an unknown god.
  1848 | D:2      | Noticed Natasha
  1853 | D:2      | Killed Natasha
  1854 | D:2      | Reached XP level 5. HP: 34/34 MP: 6/8
  2094 | D:3      | Got the Essays on Vapourous Moulding
  2174 | D:3      | Reached skill level 4 in Unarmed Combat
  2324 | D:3      | Found a glowing golden altar of the Shining One.
  2990 | D:3      | Identified a scroll of acquirement
  2990 | D:3      | Acquired a +4 ring of slaying
  3294 | D:4      | Reached XP level 6. HP: 25/39 MP: 6/10
  3495 | D:4      | Found the +6 shillelagh "Devastator" {shatter}
  3567 | D:4      | Demolished by an ogre

Illustrated notes

Levels and vault maps discovered:
D:1:      scummos_arrival_simple_crosswalls, layout_loops_cross
D:2:      minmay_skewed_foursquare, layout_basic,
          dreamdust_ecumenical_altar_grove, uniq_crazy_yiuf_cottage,
          uniq_jessica, uniq_natasha
D:3:      layout_basic, lemuel_doored_altar, minmay_between
D:4:      layout_gridville, chequers_temple_overflow_statue_of_worship,
          roderic_serpentine_path, dilly_guarded_unrand_devastator

Skill      XL: |  1  2  3  4  5  6 |
---------------+-------------------+-----
Stealth        | 1 2 3 |  3.3
Fighting       | 2 |  2.5
Unarmed Combat | 4 |  4.5
Dodging        | 3 |  3.3
Transmutations | 3 |  3.0
Spellcasting   | |  2.9

Action                     |  1- 3 |  4- 6 || total
---------------------------+-------+-------++-------
  Melee: Unarmed           |    65 |   129 ||   194
         Constrict         |    15 |    32 ||    47
         Tentacles         |    13 |    30 ||    43
         Punch             |     2 |     6 ||     8
         Kick              |       |    11 ||    11
   Cast: Beastly Appendage |     1 |     5 ||     6
         Wereblood         |     1 |     1 ||     2
    Use: Scroll            |     3 |     4 ||     7
   Stab: Sleeping          |     7 |    19 ||    26
 Armour: Skin              |     7 |    14 ||    21
  Dodge: Dodged            |    44 |    79 ||   123

Table legend: (Time is in decaauts)
 A = Elapsed time spent in this place.
 B = Non-inter-level travel time spent in this place.
 C = Inter-level travel time spent in this place.
 D = Time resting spent in this place.
 E = Time spent auto-exploring this place.
 F = Levels seen in this place.
 G = Mean time per level.
                   A        B        C        D        E       F      G
               +--------+--------+--------+--------+--------+-----+--------+
         Total |   3567 |   3466 |    101 |    554 |   2300 |   4 |  891.8 |
       Dungeon |   3567 |   3466 |    101 |    554 |   2300 |   4 |  891.8 |
               +--------+--------+--------+--------+--------+-----+--------+

Top non-repeatable levels by time:
     D:2: 1310 daAuts
     D:3: 997 daAuts
     D:1: 718 daAuts
     D:4: 541 daAuts
